 Dungeon Crawl Stone Soup version 0.23-a0-301-g9da9e51 (webtiles) character file.

490 Amnesiac the Digger (level 6, 0/53 HPs)
             Began as a Troll Earth Elementalist on Oct 7, 2018.
             Was a Follower of Vehumet.
             Slain by an orc priest
             ... wielding a +0 mace
              (3 damage)
             ... on level 4 of the Dungeon.
             The game lasted 00:05:59 (3993 turns).

Amnesiac the Digger (Troll Earth Elementalist)      Turns: 3993, Time: 00:06:00

Health: 0/53       AC:  5    Str: 17    XL:     6   Next: 90%
Magic:  4/9        EV: 10    Int: 13    God:    Vehumet [*.....]
Gold:   178        SH:  0    Dex: 10    Spells: 4/10 levels left

rFire    . . .     SeeInvis .   g - +2 long sword (flame)
rCold    . . .     Gourm    +   (no shield)
rNeg     . . .     Faith    .   c - +0 robe
rPois    .         Spirit   .   (helmet restricted)
rElec    .         Reflect  .   (no cloak)
rCorr    .         Harm     .   (gloves unavailable)
MR       .....                  (boots unavailable)
Stlth    +.........             (no amulet)
HPRegen  0.57/turn              (no ring)
MPRegen  0.11/turn              (no ring)

@: no status effects
A: large, unfitting armour, claws 3, fast metabolism 3, gourmand, regeneration
1, shaggy fur 1, tough skin 2
a: Renounce Religion


You were on level 4 of the Dungeon.
You worshipped Vehumet.
Vehumet was aware of your devotion.
You were full.

You visited 2 branches of the dungeon, and saw 6 of its levels.

You collected 178 gold pieces.

Inventory:

Hand Weapons
 g - a +2 long sword of flaming (weapon)
Missiles
 b - 93 stones (quivered)
Armour
 c - a +0 robe (worn)
Wands
 k - a wand of flame (26)
Scrolls
 e - a scroll of teleportation {!r, unknown}
 i - a scroll of blinking {!r, unknown}
 j - a scroll of enchant weapon {!r, unknown}
 l - a scroll of fog {!r}
 o - a scroll of remove curse {!r, unknown}
Potions
 a - 2 potions of curing {!q}
 f - 4 potions of heal wounds {!q}
 h - a potion of degeneration {!q}
 m - a potion of agility {!q, unknown}
 n - a potion of resistance {!q}
Comestibles
 d - 8 rations


   Skills:
 - Level 1.5 Dodging
 - Level 1.0 Stealth
 + Level 2.8 Spellcasting
 - Level 0.6 Transmutations
 * Level 6.1 Earth Magic


You had 4 spell levels left.
You knew the following spells:

 Your Spells              Type           Power        Failure   Level  Hunger
a - Sandblast             Erth           ###...       1%          1    #......
b - Passwall              Tmut/Erth      ##......     9%          2    ###....
c - Stone Arrow           Conj/Erth      #.....       21%         3    ###....

Your spell library contained the following spells:

 Spells                   Type           Power        Failure   Level  Hunger
 Shock                    Conj/Air       #...         24%         1    #......
 Petrify                  Tmut/Erth      ##......     52%         4    #####..
 Lee's Rapid Deconstruct  Erth           ###.......   47%         5    ######.


Dungeon Overview and Level Annotations

Branches:
Dungeon (5/15)             Temple (1/1) D:4

Altars:
Ashenzari
Cheibriados
Dithmenos
Fedhas
Gozag
Hepliaklqana
Kikubaaqudgha
Makhleb
Okawaru
Qazlal
Ru
Sif Muna
Trog
Uskayaw
Vehumet
Wu Jian
Xom
Yredelemnul
Zin
The Shining One


Innate Abilities, Weirdness & Mutations

You are too large for most types of armour.
You have claws for hands.
Your metabolism is lightning-fast.
You like to eat raw meat.
Your natural rate of healing is unusually fast.
You are covered in fur. (AC +1)
You have very tough skin. (AC +2)


Message History

You hit the orc priest. You burn the orc priest.
The orc priest is moderately wounded.
Casting: Sandblast (safe; 1% risk of failure)
Confirm with . or Enter, or press ? or * to list all spells.
Aiming: Sandblast (safe; 1% risk of failure)
Press: ? - help, Shift-Dir - straight line, f - orc priest
Aim: an orc priest, wielding a mace and wearing a ring mail (moderately The blast of sand hits the orc priest.
The orc priest is severely wounded.
b - 97 stones The orc barely misses you.
You riposte.
You slash the orc! You burn the orc.
You kill the orc!
Vehumet accepts your kill. The orc priest closely misses you.
Casting: Sandblast (safe; 1% risk of failure)
Confirm with . or Enter, or press ? or * to list all spells.
Aiming: Sandblast (safe; 1% risk of failure)
Press: ? - help, Shift-Dir - straight line, f/p - orc priest
Aim: an orc priest, wielding a mace and wearing a ring mail (severely wounded)
The blast of sand hits the orc priest.
The orc priest is severely wounded.
b - 96 stones The orc barely misses you.
The orc priest completely misses you.
Casting: Sandblast (safe; 1% risk of failure)
Confirm with . or Enter, or press ? or * to list all spells.
Aiming: Sandblast (safe; 1% risk of failure)
Press: ? - help, Shift-Dir - straight line, f/p - orc priest
Aim: an orc priest, wielding a mace and wearing a ring mail (severely wounded)
The blast of sand misses the orc priest.
b - 95 stones The orc misses you.
The orc priest hits you with a mace.
You hit the orc priest but do no damage.
The orc priest is severely wounded.
The orc hits you but does no damage.
The orc priest mumbles some strange prayers to Beogh against you.
Beogh smites you!
* * * LOW HITPOINT WARNING * * *
You closely miss the orc priest.
The orc priest is severely wounded.
The orc hits you with a flail.
* * * LOW HITPOINT WARNING * * *
The orc priest hits you with a mace.
* * * LOW HITPOINT WARNING * * *
Casting: Sandblast (safe; 1% risk of failure)
Confirm with . or Enter, or press ? or * to list all spells.
Aiming: Sandblast (safe; 1% risk of failure)
Press: ? - help, Shift-Dir - straight line, f/p - orc priest
Aim: an orc priest, wielding a mace and wearing a ring mail (severely wounded)
The blast of sand hits the orc priest.
The orc priest is severely wounded.
b - 94 stones The orc closely misses you.
The orc priest hits you with a mace.
* * * LOW HITPOINT WARNING * * *
Casting: Sandblast (safe; 1% risk of failure)
Confirm with . or Enter, or press ? or * to list all spells.
Aiming: Sandblast (safe; 1% risk of failure)
Press: ? - help, Shift-Dir - straight line, f/p - orc priest
Aim: an orc priest, wielding a mace and wearing a ring mail (severely wounded)
The blast of sand misses the orc priest.
b - 93 stones The orc hits you with a flail.
* * * LOW HITPOINT WARNING * * *
The orc priest hits you with a mace.
You die...

##............⌠...#
##
..................#
................###
...#..[[####....#
.###....#
##....#######. #
##...###.##..#.#.....
##............#...#
###...##.......#...#
....#####.....##@o##
....# ##....##o)#
#..## ##..####.#
....# #...# #. ....#
##..# #. ####.# ##..
#. # #.# #. # #.# #.
#..


You could see an orc priest and an orc.

Vanquished Creatures
  2 ogres (D:4)
  2 hounds
  An orc priest (D:4)
  An orc wizard (D:4)
  Jessica (D:2)
  2 worker ants (D:4)
  3 adders
  A gnoll (D:1)
  A worm (D:2)
  3 leopard geckos
  16 orcs
  3 giant cockroaches
  4 goblins
  7 hobgoblins
  6 jackals
  8 kobolds
  A quokka (D:4)
  A ball python (D:3)
  2 bats
  7 frilled lizards
  5 rats
77 creatures vanquished.

Vanquished Creatures (others)
  An adder (D:3)
  A goblin (D:3)
2 creatures vanquished.

Grand Total: 79 creatures vanquished

Notes
Turn   | Place    | Note
-------+----------+-------------------------------------------
     0 | D:1      | Amnesiac the Troll Earth Elementalist began the quest for
                  | the Orb.
     0 | D:1      | Reached XP level 1. HP: 16/16 MP: 1/1
   185 | D:3      | Reached skill level 3 in Earth Magic
   185 | D:3      | Reached XP level 2. HP: 18/24 MP: 3/3
   197 | D:3      | Reached XP level 3. HP: 26/31 MP: 4/4
   230 | D:3      | Learned a level 2 spell: Passwall
   453 | D:4      | Reached skill level 4 in Earth Magic
   453 | D:4      | Reached XP level 4. HP: 30/39 MP: 5/5
   464 | D:4      | Learned a level 3 spell: Stone Arrow
   668 | D:4      | Reached XP level 5. HP: 20/45 MP: 0/7
   849 | D:5      | Entered Level 5 of the Dungeon
   870 | D:4      | Noticed an ogre
   876 | D:4      | Killed an ogre
   876 | D:4      | Reached skill level 5 in Earth Magic
   925 | D:4      | Reached XP level 6. HP: 45/53 MP: 8/8
  1263 | D:4      | Found a staircase to the Ecumenical Temple.
  1291 | Temple   | Entered the Ecumenical Temple
  1434 | Temple   | Became a worshipper of Vehumet
  2461 | D:2      | Noticed Jessica
  2472 | D:2      | Killed Jessica
  2785 | D:2      | Reached * piety under Vehumet
  2785 | D:2      | Offered knowledge of Shock by Vehumet.
  3810 | D:4      | Reached skill level 6 in Earth Magic
  3993 | D:4      | Slain by an orc priest

Vault maps used:
D:1:      lemuel_arrival_rhombus, hangedman_glass_teeth
D:2:      serial_bayou, serial_bayou_pond_e, serial_bayou_lake_a,
          serial_bayou_lagoon_a, serial_bayou_shore_a, serial_bayou_crossing,
          serial_bayou_pond_a, uniq_jessica
D:3:      lemuel_flame_loot_1
D:4:      temple_fountains, first_ration
D:5:      serial_shops, nicolae_shop_trees
Temple:   regret_index_temple_chain_breaker

Skill      XL: |  1  2  3  4  5  6 |
---------------+-------------------+-----
Earth Magic    | 3 4 5 6 |  6.1
Spellcasting   | 2 |  2.8
Dodging        | |  1.5
Stealth        | |  1.0
Transmutations | |  0.6

Action                   |  1- 3 |  4- 6 || total
-------------------------+-------+-------++-------
Melee: Unarmed           |    52 |    17 ||    69
       Falchion          |       |    13 ||    13
       Long sword        |       |   130 ||   130
 Cast: Sandblast         |     1 |    29 ||    30
  Use: Potion            |       |     2 ||     2
       Scroll            |       |     4 ||     4
  Eat: Chunk             |     4 |    36 ||    40
Armor: Robe              |    31 |    67 ||    98
Dodge: Dodged            |    32 |   157 ||   189
       Rpst.: Falchion   |       |     7 ||     7
       Long sword        |       |    46 ||    46

Table legend:
 A = Non-vault XP
 B = Vault XP
 C = Vault XP percentage of total XP
 D = Non-vault monster count
 E = Vault monster count
 F = Vault count percentage of total count
                 A         B        C        D         E       F
            +---------+---------+-------+---------+---------+-------
      Total |     663 |      37 |   5.3 |      76 |       1 |   1.3
            +---------+---------+-------+---------+---------+-------
        D:1 |      26 |       0 |   0.0 |       8 |       0 |   0.0
        D:2 |      44 |      37 |  45.7 |      18 |       1 |   5.3
        D:3 |     101 |       0 |   0.0 |      25 |       0 |   0.0
        D:4 |     492 |       0 |   0.0 |      25 |       0 |   0.0
            +---------+---------+-------+---------+---------+-------
